 Dungeon Crawl Stone Soup version 0.22.1-1-ga44c0e56f4 (webtiles) character file.

365 YourBoobs the Sneak (level 6, -2/32 HPs)
             Began as a Deep Elf Enchanter on Oct 17, 2018.
             Was an Initiate of Sif Muna.
             Killed from afar by an orc wizard (7 damage)
             ... with a magic dart
             ... on level 4 of the Dungeon.
             The game lasted 00:34:51 (5669 turns).

YourBoobs the Sneak (Deep Elf Enchanter)            Turns: 5669, Time: 00:34:52

Health: -2/32      AC:  3    Str:  5    XL:     6   Next: 40%
Magic:  12/16      EV: 13    Int: 22    God:    Sif Muna [......]
Gold:   217        SH:  0    Dex: 15    Spells: 7/16 levels left

rFire    . . .     SeeInvis .   y - +0 dagger (venom)
rCold    . . .     Gourm    .   (no shield)
rNeg     . . .     Faith    .   b - +0 robe
rPois    .         Spirit   .   o - +0 helmet
rElec    .         Reflect  .   (no cloak)
rCorr    .         Harm     .   (no gloves)
MR       .....                  (no boots)
Stlth    +++.......             (no amulet)
HPRegen  0.10/turn              (no ring)
MPRegen  0.15/turn              (no ring)

@: no status effects
A: no striking features
a: Renounce Religion


You were on level 4 of the Dungeon.
You worshipped Sif Muna.
Sif Muna was noncommittal.
You were not hungry.

You visited 1 branch of the dungeon, and saw 4 of its levels.

You collected 278 gold pieces.
You spent 61 gold pieces at shops.

Inventory:

Hand Weapons
 a - a +1 dagger
 r - a +0 trident
 u - a +0 hunting sling
 y - a +0 dagger of venom (weapon)
Missiles
 i - 115 stones (quivered)
 k - 43 arrows
 m - 21 poisoned needles
 n - 38 bolts
 s - 21 sling bullets
 x - 8 tomahawks
Armour
 b - a +0 robe (worn)
 o - a +0 helmet (worn)
 w - a +0 leather armour of cold resistance
Scrolls
 f - 2 scrolls of magic mapping
 g - a scroll of amnesia
 h - 2 scrolls of blinking
 l - a scroll of teleportation
 q - 3 scrolls of remove curse {unknown}
 z - a scroll of identify
 A - a scroll of enchant weapon {unknown}
Potions
 c - a potion of flight {unknown}
 e - 2 potions of might
 j - a potion of curing
 p - a potion of lignification {unknown}
 t - 3 potions of heal wounds {unknown}
 v - a potion of invisibility {unknown}
Comestibles
 d - 4 rations
 B - a chunk of flesh


   Skills:
 + Level 3.7 Short Blades
 - Level 2.4 Dodging
 + Level 5.8 Stealth
 + Level 5.6 Spellcasting
 - Level 4.4 Hexes
 - Level 1.0 Ice Magic


You had 7 spell levels left.
You knew the following spells:

 Your Spells              Type           Power        Failure   Level  Hunger
a - Corona                Hex            ####...      1%          1    None
b - Ensorcelled Hibernat  Hex/Ice        ###...       4%          2    None
c - Tukima's Dance        Hex            ####....     4%          3    ##.....
d - Confuse               Hex            ####....     4%          3    ##.....

Your spell library contained the following spells:

 Spells                   Type           Power        Failure   Level  Hunger
 Dazzling Spray           Conj/Hex       ###...       12%         3    ##.....


Dungeon Overview and Level Annotations

Branches:
Dungeon (4/15)
 Temple: D:4-7

Altars:
Cheibriados
Fedhas
Hepliaklqana
Nemelex Xobeh
Ru
Sif Muna

Shops:
D:4 (


Message History

* * * LOW HITPOINT WARNING * * *
Things that are here:
a dagger; a robe; an orc skeleton
There is a stone staircase leading down here.
Your magical contamination has completely faded away.
The orc warrior barely misses you.
Things that are here:
a dagger; a robe; an orc skeleton The orc wizard shouts!
The orc wizard closely misses you.
You hit the orc wizard but do no damage.
The orc wizard is poisoned.
You closely miss the orc wizard.
The orc wizard casts a spell.
The orc wizard blinks!
The orc warrior hits you with a hand axe!
* * * LOW HITPOINT WARNING * * *
The orc wizard casts a spell at you. The magic dart hits you!
You die...

#....o).####)#.###
#.#####.# #..o.o.
#.# #.# ###....
#.# #.# #.### #.#
#o# #.### #o# #.#
#.#.. #o# #.#
#.... #.# #.#
####.##. #@#
#.###.##.... #.#
#.##...#.##. #.#
#........... #o#
##.......... #.#
##.o...##.# #.#
##...####. #.#
#####.###### #.#
#........... ###.#
#o###.######


You could see an orc warrior, an orc wizard and an orc.

Vanquished Creatures
  2 scorpions (D:4)
  5 orc wizards
  8 adders
  2 worms (D:4)
  3 leopard geckos
  5 orcs
  A ball python (D:3)
  2 giant cockroaches (D:3)
  3 goblins
  3 hobgoblins (D:1)
  7 kobolds
  2 quokkas (D:3)
  6 bats
  4 frilled lizards
  7 rats
60 creatures vanquished.

Vanquished Creatures (others)
  2 dancing weapons
2 creatures vanquished.

Grand Total: 62 creatures vanquished

Notes
Turn   | Place    | Note
-------+----------+-------------------------------------------
     0 | D:1      | YourBoobs the Deep Elf Enchanter began the quest for the
                  | Orb.
     0 | D:1      | Reached XP level 1. HP: 10/10 MP: 6/6
   942 | D:1      | Reached XP level 2. HP: 10/15 MP: 8/8
  1030 | D:1      | Learned a level 2 spell: Ensorcelled Hibernation
  2165 | D:2      | Reached XP level 3. HP: 15/19 MP: 0/10
  2440 | D:2      | Reached skill level 1 in Ice Magic
  2976 | D:3      | Found a sacrificial altar of Ru.
  3000 | D:3      | Learned a level 3 spell: Tukima's Dance
  3004 | D:3      | Learned a level 3 spell: Confuse
  3427 | D:3      | Reached XP level 4. HP: 24/24 MP: 4/12
  4225 | D:3      | Reached XP level 5. HP: 28/28 MP: 13/13
  4691 | D:4      | Found Liptott's Weapon Shop.
  4865 | D:4      | Bought a +0 dagger of venom for 61 gold pieces
  4928 | D:4      | Noticed an ogre
  5015 | D:4      | Reached skill level 5 in Stealth
  5090 | D:4      | Reached skill level 5 in Spellcasting
  5194 | D:4      | Found a blossoming altar of Fedhas.
  5197 | D:4      | Found a sparkling altar of Nemelex Xobeh.
  5207 | D:4      | Found a hazy altar of Hepliaklqana.
  5207 | D:4      | Found a snail-covered altar of Cheibriados.
  5211 | D:4      | Found a deep blue altar of Sif Muna.
  5221 | D:4      | Became a worshipper of Sif Muna the Loreminder
  5368 | D:4      | Reached XP level 6. HP: 32/32 MP: 13/16
  5452 | D:4      | Noticed an orc warrior
  5669 | D:4      | Killed from afar by an orc wizard

Skill      XL: |  1  2  3  4  5 |
---------------+----------------+-----
Ice Magic      | 1 |  1.0
Stealth        | 4 5 |  5.8
Short Blades   | 2 3 |  3.7
Spellcasting   | 4 5 |  5.6
Dodging        | |  2.4
Hexes          | |  4.4

Action                   |  1- 3 |  4- 6 || total
-------------------------+-------+-------++-------
Melee: Dagger            |    76 |    26 ||   102
Throw: Stone             |    29 |     3 ||    32
 Cast: Corona            |    21 |     5 ||    26
       Ensorcelled Hiber |    33 |    42 ||    75
       Tukima's Dance    |       |     4 ||     4
  Use: Scroll            |     4 |     1 ||     5
       Potion            |       |     2 ||     2
 Stab: Sleeping          |    28 |    23 ||    51
  Eat: Chunk             |     8 |     4 ||    12
       Ration            |       |     1 ||     1
Armor: Robe              |    20 |     1 ||    21
Dodge: Dodged            |    55 |    24 ||    79
